 Dungeon Crawl Stone Soup version 0.26.1-11-gd32895ea62 (webtiles) character file.

Game seed: 6574181161649319984

329 Zeld the Chucker (level 6, -12/39 HPs)
             Began as an Octopode Brigand on May 15, 2021.
             Mangled by a mummy (15 damage)
             ... in an ossuary.
             The game lasted 00:06:43 (5104 turns).

Zeld the Chucker (Octopode Brigand)                 Turns: 5104, Time: 00:06:43

Health: -12/39     AC:  1    Str: 12    XL:     6   Next: 51%
Magic:  10/10      EV: 13    Int: 14    God:
Gold:   177        SH:  0    Dex: 13    Spells: 11/11 levels left

rFire    . . .     SeeInvis .   a - +4 dagger
rCold    . . .     Faith    .   (no shield)
rNeg     . . .     Spirit   .   (helmet restricted)
rPois    .         Reflect  .   (no amulet)
rElec    .         Harm     .   h - ring of resist corrosion
rCorr    +         Rampage  .   (no ring)
Will     .....                  (no ring)
Stlth    ++++......             (no ring)
HPRegen  0.13/turn              (no ring)
MPRegen  0.12/turn              (no ring)
                                (no ring)
                                (no ring)

@: flying, invisible
A: almost no armour, stealthy swim, amphibious, 8 rings, constrict 8, camouflage
1, gelatinous body 1
a: no special abilities


You were in an ossuary.
You visited 1 branch of the dungeon, and saw 4 of its levels.
You also visited: Sewer and Ossuary.

You collected 177 gold pieces.

Inventory:

Hand Weapons
 a - a +4 dagger (weapon)
Missiles
 b - 20 poisoned darts (quivered)
 c - 2 curare-tipped darts
Jewellery
 h - a ring of resist corrosion (left tentacle)
Scrolls
 g - 2 scrolls of teleportation
 i - a scroll of remove curse
Potions
 d - a potion of invisibility
 e - 3 potions of flight
 f - a potion of brilliance {unknown}
 k - a potion of heal wounds {unknown}
 n - 2 potions of might
 o - a potion of haste {unknown}
 q - 3 potions of curing {unknown}


   Skills:
 - Level 2.0 Fighting
 - Level 2.0 Short Blades
 * Level 5.6 Throwing
 - Level 1.0 Dodging
 - Level 5.3 Stealth
 + Level 3.0 Spellcasting


You had 11 spell levels left.
You didn't know any spells.
Your spell library was empty.

Dungeon Overview and Level Annotations

Branches:
Dungeon (4/15)              Sewer (visited)         Ossuary (1/1)
 Temple: D:4-7

Altars:
Fedhas
Yredelemnul
Zin


Innate Abilities, Weirdness & Mutations

You cannot wear most types of armour.
You are very stealthy in the water. (Stealth+)
You are amphibious.
You can wear up to eight rings at the same time.
You can use your tentacles to constrict eight enemies at once.
Your skin changes colour to match your surroundings (Stealth+).
Your rubbery body absorbs attacks. (AC +1, EV +1)


Message History

You hit the mummy.
The mummy is lightly damaged.
You constrict the mummy. The mummy hits you!
* * * LOW HITPOINT WARNING * * *
You are too injured to fight recklessly!
You are too injured to fight recklessly!
You hit the mummy. You grab the mummy. You squeeze the mummy.
The mummy is heavily damaged.
You constrict the mummy.
You constrict the mummy, but do no damage.
The mummy hits you.
* * * LOW HITPOINT WARNING * * *
The mummy closely misses you.
It was a potion of flight.
You feel very buoyant.
You fly up into the air.
You constrict the mummy. x2
It was a potion of invisibility.
You fade into invisibility!
You constrict the mummy. x2; The mummy closely misses you.
The mummy hits you!
You die...

......#
#....#
#....#
#....#
#....#
#....#
#....#
#MM..#
#.@..#
#.∩∩.#
######


You could see 2 mummies.

Vanquished Creatures
  A big kobold (Sewer)
  A bullfrog (D:2)
  A gnoll (D:4)
  7 adders
  A river rat (Sewer)
  2 worms
  A dart slug (D:1)
  6 leopard geckos
  6 orcs
  A ball python (D:1)
  3 giant cockroaches
  9 goblins
  8 hobgoblins
  7 jackals
  3 quokkas
  4 bats
  7 frilled lizards
  2 hobgoblin zombies (Ossuary)
  12 kobolds
  3 kobold zombies (Ossuary)
  An orc zombie (Ossuary)
  16 rats
102 creatures vanquished.

Notes
Turn   | Place    | Note
-------+----------+-------------------------------------------
     0 | D:1      | Zeld the Octopode Brigand began the quest for the Orb.
     0 | D:1      | Reached XP level 1. HP: 14/14 MP: 1/1
    95 | D:1      | Reached XP level 2. HP: 19/19 MP: 2/2
   344 | D:1      | Reached skill level 1 in Spellcasting
   731 | D:1      | Reached XP level 3. HP: 17/24 MP: 4/4
  1510 | D:2      | Reached XP level 4. HP: 20/29 MP: 6/6
  1730 | D:2      | Found a basalt altar of Yredelemnul.
  1776 | D:2      | Noticed a bullfrog
  1782 | D:2      | Killed a bullfrog
  1783 | D:2      | Reached XP level 5. HP: 34/34 MP: 6/8
  2537 | D:3      | Found a glowing drain.
  2712 | Sewer    | Entered a sewer
  2991 | Sewer    | Noticed a big kobold
  3005 | Sewer    | Killed a big kobold
  3006 | Sewer    | Reached skill level 5 in Throwing
  3006 | Sewer    | Reached XP level 6. HP: 14/39 MP: 8/10
  3665 | Sewer    | Found a white marble altar of Elyvilon.
  3861 | D:3      | Found a blossoming altar of Fedhas.
  4054 | D:3      | Found a glowing silver altar of Zin.
  4055 | D:3      | Noticed an angel
  4500 | D:4      | Found Vanamau's Magic Scroll Shoppe.
  4622 | D:4      | Found a sand-covered staircase.
  4627 | Ossuary  | Entered an ossuary
  5104 | Ossuary  | Mangled by a mummy

Illustrated notes

Levels and vault maps discovered:
D:1:      nagdon_arrival_zigzag_paths, layout_basic,
          minmay_misc_feat_more_columns, serial_bayou_lagoon_b
D:2:      layout_basic, yredelemnul_altar_generic
D:3:      layout_rooms, zin_angel, general_overflow_altar,
          gup_sewer_entry_spiral
D:4:      layout_cave_pools, enter_ossuary_2, serial_shops,
          kennysheep_little_box
Ossuary:  ossuary_tomb_3

Skill      XL: |  1  2  3  4  5  6 |
---------------+-------------------+-----
Spellcasting   | 1 2 3 |  3.0
Throwing       | 3 4 5 |  5.6
Fighting       | |  2.0
Short Blades   | |  2.0
Dodging        | |  1.0
Stealth        | |  5.3

Action                   |  1- 3 |  4- 6 || total
-------------------------+-------+-------++-------
Melee: Dagger            |    66 |   152 ||   218
       Tentacles         |    15 |    24 ||    39
       Constrict         |    12 |    38 ||    50
  Use: Scroll            |       |     9 ||     9
       Potion            |       |     2 ||     2
 Stab: Sleeping          |     7 |    12 ||    19
Armor: Skin              |     3 |     8 ||    11
Dodge: Dodged            |    41 |    86 ||   127
